 Dungeon Crawl Stone Soup version 0.22-a0-159-g7ce444fdad (webtiles) character file.

5579 RedPan the Magician (level 10, -1/79 HPs)
             Began as a Gnoll Skald on Feb 9, 2018.
             Was an Elder of Cheibriados.
             Slain by a two-headed ogre
             ... wielding a +0 giant spiked club
              (11 damage)
             ... on level 10 of the Dungeon.
             The game lasted 00:27:31 (9381 turns).

RedPan the Magician (Gnoll Skald)                   Turns: 9381, Time: 00:27:32

Health: -1/79      AC: 16    Str: 23    XL:     10   Next: 72%
Magic:  7/21       EV: 19    Int: 27    God:    Cheibriados [****..]
Gold:   361        SH:  7    Dex: 24    Spells: 18/24 levels left

rFire    . . .     SeeInvis .   s - +4 morningstar
rCold    + + .     Gourm    .   r - +0 buckler
rNeg     . . .     Faith    .   J - +4 ring mail {MR+}
rPois    .         Spirit   .   g - +0 helmet
rElec    .         Reflect  .   (no cloak)
rCorr    .         Harm     .   o - +0 pair of gloves
MR       ++...                  y - +0 pair of boots
Stlth    ++........             (no amulet)
HPRegen  0.23/turn              F - ring of protection from cold
MPRegen  0.17/turn              M - ring of loudness (curse)

@: infused, very slow
A: distributed training, fangs 1, repulsion field 1, yellow scales 1, cold
resistance 1, magic resistance 1, strong nose
a: Bend Time, Temporal Distortion, Slouch, Renounce Religion


You were on level 10 of the Dungeon.
You worshipped Cheibriados.
Cheibriados was greatly pleased with you.
You were hungry.

You visited 2 branches of the dungeon, and saw 11 of its levels.

You collected 661 gold pieces.
You spent 300 gold pieces at shops.

Inventory:

Hand Weapons
 a - a +1 falchion
 i - a +0 great mace of protection
 s - a +4 morningstar (weapon)
 P - a +0 morningstar of flaming
Missiles
 l - 3 poisoned javelins (quivered)
Armour
 b - a +0 leather armour
 g - a +0 helmet (worn)
 k - a +3 scale mail
 m - a +1 scale mail
 o - a +0 pair of gloves (worn)
 r - a +0 buckler (worn)
 y - a +0 pair of boots (worn)
 J - a +4 ring mail of magic resistance (worn)
Magical Staves
 C - an uncursed staff of earth
Jewellery
 w - an uncursed ring of fire
 F - a ring of protection from cold (left hand)
 M - a cursed ring of loudness (right hand)
Wands
 e - a wand of digging (12)
 t - a wand of iceblast (9)
 E - a wand of flame (40)
 O - a wand of clouds (3)
Scrolls
 h - a scroll of fog
 j - 3 scrolls of enchant armour
 q - 3 scrolls of amnesia
 x - 2 scrolls of blinking
 B - a scroll of enchant weapon
 H - a scroll of teleportation
 I - 3 scrolls of identify
 Q - a scroll of fear
Potions
 f - 2 potions of curing
 n - a potion of might
 p - 2 potions of brilliance
 u - 2 potions of heal wounds
 v - 2 potions of flight
 A - 3 potions of magic
 G - a potion of resistance
 K - 2 potions of lignification
 L - a potion of cancellation
Books
 c - a book of Battle

   Spells                             Type                      Level
   a - Infusion                       Charms                       1
   b - Shroud of Golubria             Charms/Translocation         2
   c - Song of Slaying                Charms                       2
   d - Spectral Weapon                Hexes/Charms                 3
   e - Regeneration                   Charms/Necromancy            3
 z - a book of Necromancy

   Spells                             Type                      Level
   a - Pain                           Necromancy                   1
   b - Animate Skeleton               Necromancy                   1
   c - Vampiric Draining              Necromancy                   3
   d - Regeneration                   Charms/Necromancy            3
   e - Animate Dead                   Necromancy                   4
 D - a book of Flames

   Spells                             Type                      Level
   a - Flame Tongue                   Conjuration/Fire             1
   b - Throw Flame                    Conjuration/Fire             2
   c - Conjure Flame                  Conjuration/Fire             3
   d - Inner Flame                    Hexes/Fire                   3
   e - Sticky Flame                   Conjuration/Fire             4
   f - Fireball                       Conjuration/Fire             5
Comestibles
 d - 23 rations


   Skills:
 + Level 7.2 Fighting
 + Level 5.4 Short Blades
 + Level 7.2 Long Blades
 + Level 5.4 Axes
 + Level 5.4 Maces & Flails
 + Level 5.4 Polearms
 + Level 5.4 Staves
 + Level 5.4 Slings
 + Level 5.4 Bows
 + Level 5.4 Crossbows
 + Level 5.4 Throwing
 + Level 6.1 Armour
 + Level 7.2 Dodging
 + Level 5.4 Stealth
 + Level 5.4 Shields
 + Level 5.4 Unarmed Combat
 + Level 7.5 Spellcasting
 + Level 4.5 Conjurations
 + Level 4.5 Hexes
 + Level 7.2 Charms
 + Level 4.5 Summonings
 + Level 4.5 Necromancy
 + Level 4.5 Translocations
 + Level 4.5 Transmutations
 + Level 4.5 Fire Magic
 + Level 4.5 Ice Magic
 + Level 4.5 Air Magic
 + Level 4.5 Earth Magic
 + Level 4.5 Poison Magic
 + Level 6.0 Invocations
 + Level 5.4 Evocations


You had 18 spell levels left.
You knew the following spells:

 Your Spells              Type           Power        Failure   Level  Hunger
a - Infusion              Chrm           ####         1%          1    None
b - Shroud of Golubria    Chrm/Tloc      #####.....   1%          2    None
c - Regeneration          Chrm/Necr      #####.....   2%          3    None


Dungeon Overview and Level Annotations

Branches:
Dungeon (10/15)            Temple (1/1) D:6            Lair (0/6) D:9
    Orc (0/2) D:10

Altars:
Ashenzari
Cheibriados
Dithmenos
Elyvilon
Fedhas
Gozag
Hepliaklqana
Kikubaaqudgha
Makhleb
Nemelex Xobeh
Okawaru
Qazlal
Ru
Sif Muna
Trog
Uskayaw
Vehumet
Wu Jian
Xom
Yredelemnul
Zin
The Shining One

Shops:
D:6 }   D:9 !

Annotations:
D:8 exclusion: electric eel
D:9 exclusion: cyclops


Innate Abilities, Weirdness & Mutations

Your experience applies equally to all skills.
You have very sharp teeth.
Your uncanny sense of smell can sniff out nearby items.
You are surrounded by a mild repulsion field. (EV +2)
You are partially covered in yellow scales. (AC +2)
Your flesh is cold resistant. (rC+)
You are resistant to hostile enchantments. (MR+)


Message History

The two-headed ogre is severely wounded.
You barely miss the two-headed ogre.
You bite the two-headed ogre, but do no damage.
The two-headed ogre is severely wounded.
The two-headed ogre hits you with a giant spiked club!
You block the two-headed ogre's attack.
You are too injured to fight recklessly!
You are too injured to fight recklessly!
You are too injured to fight recklessly!
You sock the two-headed ogre!
The two-headed ogre is almost dead.
The two-headed ogre hits you with a giant spiked club!!
* * * LOW HITPOINT WARNING * * *
The two-headed ogre hits you with a giant spiked club.
* * * LOW HITPOINT WARNING * * *
You hit the two-headed ogre.
The two-headed ogre is almost dead.
The two-headed ogre barely misses you.
The two-headed ogre hits you with a giant spiked club!
You die...

##.##...#..##......###........
###..#..#.#.#...###..##.....).##
#.#..#..#....##.##.##.###.###..#
##.#.##..#...#.#.###.##...####.#
#.#...#.##......##...#####.....
#.##.#..#.>..#..#..###.....####
#.##.#.....#.#..##..# .###
###...#.#..#)#.O..))###
..#.#.#......###@.#)((#
.#...##...#### #.#.##(#
.###...... ...###)(# .# #.#####
######.### .################
##.# ## ......).........#
#.######### .. ......†.......###
#.........# #. ##########..>.#
#.........# #.
#....######.........###.


You could see a two-headed ogre.

Vanquished Creatures
  A two-headed ogre (D:10)
  A troll (D:9)
  A hornet (D:9)
  A wyvern (D:9)
  3 yaks (D:10)
  A water moccasin (D:9)
  2 porcupines (D:9)
  2 ice beasts
  A sky beast (D:9)
  An orc warrior (D:9)
  3 ogres
  A necrophage (D:10)
  2 phantoms
  A black bear (D:2)
  2 crocodiles (D:9)
  A big kobold (D:10)
  7 bullfrogs
  2 scorpions
  4 wights (D:4)
  11 killer bees (D:10)
  4 howler monkeys
  A crimson imp (D:9)
  3 hounds
  2 bullfrog zombies
  2 jellies (D:10)
  6 orc priests
  8 orc wizards
  2 iguanas
  3 worker ants
  14 adders
  A shadow imp (D:10)
  2 oozes
  2 adder skeletons
  3 worms
  3 dart slugs (D:2)
  4 leopard geckos
  42 orcs
  6 giant cockroaches
  12 goblins
  11 hobgoblins
  13 jackals
  3 quokkas
  A ball python (D:4)
  9 bats
  5 frilled lizards
  17 kobolds
  A leopard gecko skeleton (D:4)
  9 rats
  A spectral orc (D:5)
238 creatures vanquished.

Notes
Turn   | Place    | Note
-------+----------+-------------------------------------------
     0 | D:1      | RedPan the Gnoll Skald began the quest for the Orb.
     0 | D:1      | Reached XP level 1. HP: 20/20 MP: 6/6
    66 | D:1      | Reached XP level 2. HP: 20/26 MP: 7/7
   662 | D:1      | Reached XP level 3. HP: 31/31 MP: 9/9
   825 | D:1      | Reached skill level 5 in Spellcasting
   911 | D:2      | Reached skill level 1 in Invocations
   995 | D:2      | Reached skill level 1 in Short Blades
   995 | D:2      | Reached skill level 1 in Axes
   995 | D:2      | Reached skill level 1 in Maces & Flails
   995 | D:2      | Reached skill level 1 in Polearms
   995 | D:2      | Reached skill level 1 in Staves
   995 | D:2      | Reached skill level 1 in Slings
   995 | D:2      | Reached skill level 1 in Bows
   995 | D:2      | Reached skill level 1 in Crossbows
   995 | D:2      | Reached skill level 1 in Throwing
   995 | D:2      | Reached skill level 1 in Stealth
   995 | D:2      | Reached skill level 1 in Shields
   995 | D:2      | Reached skill level 1 in Unarmed Combat
   995 | D:2      | Reached skill level 1 in Evocations
  1135 | D:2      | Learned a level 2 spell: Shroud of Golubria
  1139 | D:2      | Learned a level 3 spell: Regeneration
  1140 | D:2      | Found a burning altar of Makhleb.
  1176 | D:2      | Reached XP level 4. HP: 38/38 MP: 11/11
  1432 | D:2      | Noticed a black bear
  1444 | D:2      | Killed a black bear
  1444 | D:2      | Reached skill level 1 in Conjurations
  1444 | D:2      | Reached skill level 1 in Hexes
  1444 | D:2      | Reached skill level 1 in Summonings
  1444 | D:2      | Reached skill level 1 in Necromancy
  1444 | D:2      | Reached skill level 1 in Translocations
  1444 | D:2      | Reached skill level 1 in Transmutations
  1444 | D:2      | Reached skill level 1 in Fire Magic
  1444 | D:2      | Reached skill level 1 in Ice Magic
  1444 | D:2      | Reached skill level 1 in Air Magic
  1444 | D:2      | Reached skill level 1 in Earth Magic
  1444 | D:2      | Reached skill level 1 in Poison Magic
  1444 | D:2      | Reached XP level 5. HP: 26/43 MP: 0/12
  2376 | D:3      | Reached XP level 6. HP: 41/50 MP: 2/13
  2391 | D:3      | Gained mutation: You are resistant to hostile enchantments. (MR+) [potion of mutation]
  2391 | D:3      | Gained mutation: You are partially covered in yellow scales. (AC +2) [potion of mutation]
  2391 | D:3      | Gained mutation: Your flesh is cold resistant. (rC+) [potion of mutation]
  2391 | D:3      | Gained mutation: You are surrounded by a mild repulsion field. (EV +2) [potion of mutation]
  2675 | D:3      | Found a shadowy altar of Dithmenos.
  3111 | D:4      | Reached skill level 5 in Fighting
  3111 | D:4      | Reached skill level 5 in Long Blades
  3111 | D:4      | Reached skill level 5 in Dodging
  3280 | D:4      | Found a blossoming altar of Fedhas.
  3314 | D:4      | Reached XP level 7. HP: 54/56 MP: 1/15
  3889 | D:5      | Entered Level 5 of the Dungeon
  4278 | D:5      | Reached XP level 8. HP: 63/63 MP: 16/16
  4308 | D:5      | Found a basalt altar of Yredelemnul.
  4876 | D:6      | Found Bethao's Gadget Boutique.
  4950 | D:6      | Found a staircase to the Ecumenical Temple.
  4985 | Temple   | Entered the Ecumenical Temple
  5183 | Temple   | Became a worshipper of Cheibriados the Contemplative
  6689 | D:8      | Reached * piety under Cheibriados
  6704 | D:8      | Reached XP level 9. HP: 52/69 MP: 18/18
  7206 | D:9      | Noticed a hornet
  7229 | D:9      | Paralysed by a hornet for 1 turns
  7236 | D:9      | Killed a hornet
  7236 | D:9      | Reached skill level 5 in Armour
  7574 | D:9      | Found Bisaiv's Distillery.
  7582 | D:9      | Bought a potion of lignification for 36 gold pieces
  7582 | D:9      | Bought a potion of degeneration for 12 gold pieces
  7582 | D:9      | Bought a potion of magic for 96 gold pieces
  7582 | D:9      | Bought a potion of heal wounds for 60 gold pieces
  7582 | D:9      | Bought a potion of magic for 96 gold pieces
  7933 | D:9      | Found a staircase to the Lair.
  8007 | D:9      | Noticed a troll
  8019 | D:9      | Killed a troll
  8032 | D:9      | Reached skill level 5 in Invocations
  8330 | D:9      | Reached ** piety under Cheibriados
  8357 | D:9      | Noticed a cyclops
  8568 | D:10     | Entered Level 10 of the Dungeon
  8575 | D:10     | Reached XP level 10. HP: 72/77 MP: 20/20
  8767 | D:10     | Reached skill level 5 in Short Blades
  8767 | D:10     | Reached skill level 5 in Axes
  8767 | D:10     | Reached skill level 5 in Maces & Flails
  8767 | D:10     | Reached skill level 5 in Polearms
  8767 | D:10     | Reached skill level 5 in Staves
  8767 | D:10     | Reached skill level 5 in Slings
  8767 | D:10     | Reached skill level 5 in Bows
  8767 | D:10     | Reached skill level 5 in Crossbows
  8767 | D:10     | Reached skill level 5 in Throwing
  8767 | D:10     | Reached skill level 5 in Stealth
  8767 | D:10     | Reached skill level 5 in Shields
  8767 | D:10     | Reached skill level 5 in Unarmed Combat
  8767 | D:10     | Reached skill level 5 in Evocations
  8791 | D:10     | Noticed a two-headed ogre
  8807 | D:10     | Killed a two-headed ogre
  8859 | D:10     | Reached *** piety under Cheibriados
  9217 | D:10     | Found a staircase to the Orcish Mines.
  9340 | D:10     | Reached **** piety under Cheibriados
  9368 | D:10     | Noticed a two-headed ogre
  9381 | D:10     | Slain by a two-headed ogre

Vault maps used:
D:1:      lightli_molten_gateway, serial_glass, glass_columns_c,
          glass_columns_a, minmay_misc_feat_tiny
D:2:      old_standard_altar, guppyfry_early_orc_mine
D:3:      nicolae_dithmenos_shadow_blocks, first_ration, minmay_misc_feat_five,
          minmay_misc_feat_square
D:4:      fedhas_altar_1, grunt_decor_fettered
D:5:      yredelemnul_forgotten_temple_becter
D:6:      minmay_temple_entry_statues_pillars, serial_shops, shop_fountains
D:8:      wad_lake_hut, grunt_ogre_cave
D:9:      grunt_lair_entry_orc_guard_hut, serial_shops, shop,
          minmay_sticks_and_stones
D:10:     erik_orc_3
Temple:   eino_narrow_crystal_temple

Skill      XL: |  1  2  3  4  5  6  7  8  9 10 |
---------------+-------------------------------+-----
Spellcasting   | 5 6 7 |  7.5
Invocations    | 1 2 3 4 5 6 |  6.0
Short Blades   | 1 2 3 4 5 |  5.4
Axes           | 1 2 3 4 5 |  5.4
Maces & Flails | 1 2 3 4 5 |  5.4
Polearms       | 1 2 3 4 5 |  5.4
Staves         | 1 2 3 4 5 |  5.4
Slings         | 1 2 3 4 5 |  5.4
Bows           | 1 2 3 4 5 |  5.4
Crossbows      | 1 2 3 4 5 |  5.4
Throwing       | 1 2 3 4 5 |  5.4
Stealth        | 1 2 3 4 5 |  5.4
Shields        | 1 2 3 4 5 |  5.4
Unarmed Combat | 1 2 3 4 5 |  5.4
Evocations     | 1 2 3 4 5 |  5.4
Conjurations   | 1 2 3 4 |  4.5
Hexes          | 1 2 3 4 |  4.5
Summonings     | 1 2 3 4 |  4.5
Necromancy     | 1 2 3 4 |  4.5
Translocations | 1 2 3 4 |  4.5
Transmutations | 1 2 3 4 |  4.5
Fire Magic     | 1 2 3 4 |  4.5
Ice Magic      | 1 2 3 4 |  4.5
Air Magic      | 1 2 3 4 |  4.5
Earth Magic    | 1 2 3 4 |  4.5
Poison Magic   | 1 2 3 4 |  4.5
Armour         | 3 4 5 6 |  6.1
Fighting       | 5 6 7 |  7.2
Long Blades    | 5 6 7 |  7.2
Dodging        | 5 6 7 |  7.2
Charms         | 6 7 |  7.2

Action                   |  1- 3 |  4- 6 |  7- 9 | 10-12 || total
-------------------------+-------+-------+-------+-------++-------
Melee: Falchion          |   129 |   185 |       |       ||   314
       Bite              |    20 |    24 |    26 |    19 ||    89
       Punch             |     1 |       |       |       ||     1
       Great mace        |       |    28 |    12 |       ||    40
       Morningstar       |       |       |   304 |   176 ||   480
 Cast: Infusion          |     1 |     5 |    10 |     6 ||    22
       Shroud of Golubri |       |     7 |    11 |     9 ||    27
       Regeneration      |       |     1 |       |     3 ||     4
Invok: Bend Time         |       |       |       |     2 ||     2
  Use: Scroll            |       |    11 |     6 |       ||    17
       Potion            |       |     4 |     2 |       ||     6
 Stab: Sleeping          |     2 |     1 |       |       ||     3
       Distracted        |       |       |       |     1 ||     1
  Eat: Chunk             |     1 |     7 |    11 |     2 ||    21
       Ration            |       |       |     1 |       ||     1
Armor: Leather armour    |    43 |       |       |       ||    43
       Scale mail        |       |    99 |   121 |       ||   220
       Ring mail         |       |       |    29 |    71 ||   100
Dodge: Dodged            |   145 |   165 |   262 |   238 ||   810
Block: Buckler           |       |    36 |    70 |    92 ||   198
       Rpst.: Falchion   |    38 |    35 |       |       ||    73

Table legend:
 A = Spawn XP
 B = Non-spawn XP
 C = Spawn XP percentage of total XP
 D = Spawn monster count
 E = Non-spawn monster count
 F = Spawn count percentage of total count
 G = Total turns spent on level
                    A         B        C        D         E        F      G
               +---------+---------+-------+---------+---------+-------+---------
         Total |       0 |    7971 |   0.0 |       0 |     238 |   0.0 |  9381
               +---------+---------+-------+---------+---------+-------+---------
           D:1 |       0 |      38 |   0.0 |       0 |      24 |   0.0 |   829
           D:2 |       0 |     238 |   0.0 |       0 |      45 |   0.0 |  1197
           D:3 |       0 |     149 |   0.0 |       0 |      27 |   0.0 |  1081
           D:4 |       0 |     567 |   0.0 |       0 |      14 |   0.0 |   782
           D:5 |       0 |     280 |   0.0 |       0 |      25 |   0.0 |   843
           D:6 |       0 |     425 |   0.0 |       0 |      11 |   0.0 |   669
           D:7 |       0 |     213 |   0.0 |       0 |       5 |   0.0 |   691
           D:8 |       0 |     541 |   0.0 |       0 |      10 |   0.0 |   777
           D:9 |       0 |    2062 |   0.0 |       0 |      21 |   0.0 |  1485
          D:10 |       0 |    3458 |   0.0 |       0 |      56 |   0.0 |   813
               +---------+---------+-------+---------+---------+-------+---------
